 Dungeon Crawl Stone Soup version 0.29.1-12-g30fa7ad0bf (webtiles) character file.

Game seed: 6986168601483230566

107 wormed the Ruffian (level 4, -1/63 HPs)
             Began as a Troll Gladiator on Dec 23, 2022.
             Slain by an orc
             ... wielding a +1 trident of flaming
              (5 damage)
             ... on level 3 of the Dungeon.
             The game lasted 00:02:14 (1944 turns).

wormed the Ruffian (Troll Gladiator)                Turns: 1944, Time: 00:02:14

Health: -1/63      AC: 22    Str: 24    XL:     4   Next: 56%
Magic:  3/3        EV:  1    Int:  4    God:
Gold:   63         SH:  0    Dex: 11    Spells: 3/3 levels left

rFire   . . .      SeeInvis .     - Unarmed
rCold   . . .      Faith    .   (no shield)
rNeg    . . .      Spirit   .   (body armour currently unavailable)
rPois   +          Reflect  .   (helmet currently unavailable)
rElec   .          Harm     .   (cloak currently unavailable)
rCorr   .          Rampage  .   (gloves unavailable)
Will    .....      NoTele   +   (boots unavailable)
Stlth   +.........              (no amulet)
HPRegen 1.00/turn               h - ring of poison resistance
MPRegen 0.08/turn               (no ring)

@: confused, mighty, tree-form, hasted, very quick
A: stationary, stasis, torment immunity, boosted hp, large, unfitting armour,
(claws 3), regeneration 1, (shaggy fur 1), (tough skin 1)
a: no special abilities


You were on level 3 of the Dungeon.
You were a tree.
You visited 1 branch of the dungeon, and saw 3 of its levels.

You collected 63 gold pieces.

Inventory:

Missiles
 c - 3 throwing nets (quivered)
 d - a large rock
Armour
 a - a +0 robe (melded)
 b - a +0 hat (melded)
 k - a +0 cloak (melded)
Jewellery
 h - a ring of poison resistance (left branch)
Scrolls
 e - 4 scrolls of identify {unknown}
 i - 2 scrolls of poison {unknown}
 j - 2 scrolls of teleportation {unknown}
 l - a scroll of enchant weapon {unknown}
 p - a scroll of immolation {unknown}
 q - a scroll of fear {unknown}
Potions
 g - 2 potions of haste
 m - a potion of degeneration {unknown}
 n - a potion of lignification
 o - a potion of brilliance {unknown}


   Skills:
 + Level 2.1 Fighting
 + Level 2.3 Throwing
 + Level 1.1 Armour
 + Level 2.9 Dodging
 * Level 3.9 Unarmed Combat


You had 3 spell levels left.
You didn't know any spells.
Your spell library contained the following spells:

 Spells                   Type           Power      Damage    Failure   Level
 Summon Guardian Golem    Hex/Summ       0%         N/A       86%         3
 Dispersal                Tloc           0%         N/A       100%        6
 Orb of Destruction       Conj           0%         9d5       100%        7
 Spellforged Servitor     Conj/Summ      0%         N/A       100%        7
 Disjunction              Tloc           0%         N/A       100%        8


Dungeon Overview and Level Annotations

Branches:
Dungeon (3/15)

Altars:
Dithmenos
The Shining One


Innate Abilities, Weirdness & Mutations

You are a tree.
Your roots penetrate the ground, keeping you stationary.
You cannot be teleported.
You are immune to unholy pain and torment.
Your maximum health is greatly increased.
Your equipment is partially melded.
You are too large for most types of armour.
((You have claws for hands.))
Your natural rate of healing is unusually fast.
((You are covered in fur. (AC +1)))
((You have tough skin. (AC +1)))


Message History

* * * LOW HITPOINT WARNING * * *
The orc barely misses you.
You bump into the rock wall.
The orc wizard hits you but does no damage.
The orc barely misses you. x2; The orc hits you with a +0 whip.
* * * LOW HITPOINT WARNING * * *
You closely miss the orc wizard.
The orc wizard is heavily wounded.
The orc wizard hits you with a +0 dagger.
* * * LOW HITPOINT WARNING * * *
The orc barely misses you. The orc hits you but does no damage.
It was a potion of haste.
You feel yourself speed up. The orc wizard closely misses you.
The orc hits you but does no damage. The orc barely misses you.
The orc hits you but does no damage.
It was a potion of lignification.
You turn into a tree.
Your +0 cloak melds into your body.
Your +0 hat melds into your body.
Your +0 robe melds into your body.
Your roots penetrate the ground.
The orc wizard hits you but does no damage.
The orc hits you from afar with a +1 trident of flaming.
* * * LOW HITPOINT WARNING * * *
The orc burns you.
* * * LOW HITPOINT WARNING * * *
The orc hits you but does no damage. x2
It was a potion of might.
You feel very mighty all of a sudden.
You cannot move. (Use ctrl+direction or * direction to attack while stationary and confused.)
You barely miss the orc.
The orc wizard hits you but does no damage.
The orc hits you but does no damage. x2
You closely miss the orc wizard.
The orc wizard is heavily wounded.
The orc wizard hits you but does no damage.
The orc hits you but does no damage. x3
You attack the rock wall.
You pummel the orc wizard!!
You kill the orc wizard!
The orc hits you but does no damage. The orc hits you with a +0 whip.
* * * LOW HITPOINT WARNING * * *
The orc hits you from afar with a +1 trident of flaming.
You die...

#.......##..
#.######...##..##..
#......†.......##..
########..###......
###..#######.#
#.............
#.#..#######.#
########.#..# #.#
####§§o♣##.....#
#.#
....§§o)......##
#.# ....§o§§......#
#.# ######§§.#..###
#####..# ...# #.##
#.# .#


You could see 3 orcs.

Vanquished Creatures
  An orc wizard (D:3)
  An orc priest (D:3)
  2 worms
  A dart slug (D:2)
  5 orcs (D:3)
  4 bats
  8 endoplasms
  3 giant cockroaches
  3 goblins
  5 hobgoblins
  4 jackals (D:1)
  6 quokkas
  A ball python (D:2)
  A frilled lizard (D:1)
  8 kobolds
  8 rats
61 creatures vanquished.

Notes
Turn   | Place    | Note
-------+----------+-------------------------------------------
     0 | D:1      | wormed the Troll Gladiator began the quest for the Orb.
     0 | D:1      | Reached XP level 1. HP: 19/19 MP: 0/0
   229 | D:1      | Reached XP level 2. HP: 28/28 MP: 1/1
   446 | D:1      | Found a faded altar of an unknown god.
   687 | D:1      | Reached XP level 3. HP: 34/35 MP: 2/2
   790 | D:2      | Found a glowing golden altar of the Shining One.
  1657 | D:2      | Reached skill level 1 in Armour
  1779 | D:3      | Reached XP level 4. HP: 23/42 MP: 3/3
  1919 | D:3      | Found a shadowy altar of Dithmenos.
  1944 | D:3      | Slain by an orc

Illustrated notes

Levels and vault maps discovered:
D:1:      dpeg_arrival_renting, layout_basic,
          dreamdust_ecumenical_altar_angels_and_demons
D:2:      layout_basic, basic_altar, minmay_misc_feat_room
D:3:      layout_loops_ring, grunt_dithmenos_smoke, trog_antimagical,
          serial_shops, shop

Skill      XL: |  1  2  3 |
---------------+----------+-----
Throwing       | 2 |  2.3
Fighting       | 2 |  2.1
Armour         | 1 |  1.1
Dodging        | |  2.9
Unarmed Combat | |  3.9

Action                   |  1- 3 |  4- 6 || total
-------------------------+-------+-------++-------
Melee: Unarmed           |   136 |    27 ||   163
       Punch             |     2 |       ||     2
  Use: Potion            |       |     3 ||     3
 Stab: Sleeping          |     1 |       ||     1
Armor: Robe              |    30 |    17 ||    47
       Skin              |       |    11 ||    11
Dodge: Dodged            |    69 |    21 ||    90
